 Dungeon Crawl Stone Soup version 0.19-a0-746-g995b792 (webtiles) character file.

19 IamBaum the Sneak (level 2, -2/22 HPs)
             Began as a Demonspawn Assassin on June 24, 2016.
             Slain by a jackal (3 damage)
             ... on level 1 of the Dungeon.
             The game lasted 00:02:01 (215 turns).

IamBaum the Sneak (Demonspawn Assassin)              Turns: 215, Time: 00:02:02

Health: -2/22      AC:  3    Str: 11    XL:     2   Next: 55%
Magic:  2/2        EV: 17    Int: 12    God:
Gold:   14         SH:  0    Dex: 19    Spells: 0 memorised, 1 level left

rFire  . . .     SeeInvis .     j - +0 dagger
rCold  . . .     Gourm    .     c - +0 robe
rNeg   . . .     Faith    .     (no shield)
rPois  .         Spirit   .     (helmet restricted)
rElec  .         Dismiss  .     d - +0 cloak
rCorr  .         Reflect  .     (no gloves)
SustAt .         Harm     .     (no boots)
MR     .....                    h - amulet of inaccuracy (curse)
Stlth  ++++......               (no ring)
                                (no ring)

@: agile, not resistant to hostile enchantments, stealthy
A: horns 1
a: no special abilities


You were on level 1 of the Dungeon.
You were not hungry.

You visited 1 branch of the dungeon, and saw 1 of its levels.

You collected 14 gold pieces.

Inventory:

Hand Weapons
 a - a +2 dagger
 b - a +0 blowgun
 j - a +0 dagger (weapon)
Missiles
 e - 8 poisoned needles
 f - 2 curare-tipped needles
Armour
 c - a +0 robe (worn)
 d - a +0 cloak (worn)
 p - a +0 leather armour
Jewellery
 h - a cursed amulet of inaccuracy (around neck)
Scrolls
 i - a scroll of magic mapping {unknown}
 l - a scroll of amnesia {unknown}
 m - a scroll of random uselessness {unknown}
 o - a scroll of fear {unknown}
Potions
 n - a potion of agility
Comestibles
 g - 2 bread rations
 k - a slice of pizza


   Skills:
 + Level 2.2 Fighting
 + Level 1.9 Short Blades
 - Level 1.7 Throwing
 + Level 1.2 Dodging
 + Level 4.0 Stealth


You had one spell level left.
You didn't know any spells.

Dungeon Overview and Level Annotations

Branches:
Dungeon (1/15)

Altars:


Innate Abilities, Weirdness & Mutations

You have a pair of small horns on your head.


Message History

The bat misses you.
You miss the bat. The bat completely misses you.
You closely miss the jackal. You headbutt the jackal.
You kill the jackal!
The bat hits you but does no damage.
You miss the jackal. The jackal misses you. The bat misses you.
The jackal bites you but does no damage.
You completely miss the jackal. The bat closely misses you. x2
The jackal bites you but does no damage.
You hit the jackal but do no damage. The bat closely misses you.
The jackal bites you but does no damage.
You hit the jackal but do no damage. The bat barely misses you.
The jackal barely misses you. The jackal completely misses you.
You hit the jackal but do no damage. Your headbutt misses the jackal.
The bat hits you but does no damage. The jackal barely misses you.
You miss the jackal. The bat barely misses you. x2
The jackal barely misses you.
You hit the jackal but do no damage. Your headbutt misses the jackal.
The bat misses you. x2; The jackal bites you.
You die...

### ##. #.. .... ##..
##.. ###########..#
... #............#
##.#
..#...!......###b.###
†........(....hh@†..#
..#...........g######
..#!..........##
..#...........##
#######........#
#..........#
#..........#
#..........#
#..........#


You could see 2 jackals, a hobgoblin and a bat.

Vanquished Creatures
  A ball python (D:1)
  4 giant cockroaches (D:1)
  A goblin (D:1)
  A hobgoblin (D:1)
  2 jackals (D:1)
  4 bats (D:1)
  A giant newt (D:1)
  3 rats (D:1)
17 creatures vanquished.

Notes
Turn   | Place    | Note
--------------------------------------------------------------
     0 | D:1      | IamBaum the Demonspawn Assassin began the quest for the Orb.
     0 | D:1      | Reached XP level 1. HP: 16/16 MP: 1/1
    44 | D:1      | Reached skill level 1 in Dodging
    59 | D:1      | Gained mutation: You have a pair of small horns on your head. [demonic ancestry]
    59 | D:1      | Reached XP level 2. HP: 19/22 MP: 2/2
   190 | D:1      | Reached skill level 4 in Stealth
   199 | D:1      | HP: 1/22 [bat (1)]
   205 | D:1      | HP: 1/22 [bat (1)]
   215 | D:1      | Slain by a jackal

Vault maps used:
D:1:      dpeg_arrival_rhombi

Skill      XL: |  1  2 |
---------------+-------+-----
Dodging        | 1 |  1.2
Stealth        | 4 |  4.0
Fighting       | |  2.2
Short Blades   | |  1.9
Throwing       | |  1.7

Action                   || total
-------------------------++-------
Melee: Dagger            ||    47
       Headbutt          ||     7
  Use: Potion            ||     1
 Stab: Sleeping          ||     3
Armor: Robe              ||    34
Dodge: Dodged            ||    71
